 Dungeon Crawl Stone Soup version 0.30.1-11-g7821555f0a (webtiles) character file.

Game seed: 3632882657189362812

50 Ijustatesigmund the Magician (level 3, 0/20 HPs)
             Began as a Deep Elf Earth Elementalist on Dec 12, 2023.
             Slain by Grinder (9 damage)
             ... on level 3 of the Dungeon.
             The game lasted 00:02:21 (1698 turns).

Ijustatesigmund the Magician (DEEE)                 Turns: 1698, Time: 00:02:22

Health: 0/20       AC:  3    Str:  5    XL:     3   Next: 55%
Magic:  7/10       EV: 12    Int: 21    God:
Gold:   47         SH:  0    Dex: 15    Spells: 6/10 levels left

rFire   . . .        d - +0 dagger
rCold   . . .        (no shield)
rNeg    . . .        a - +0 robe
rPois   .            (no helmet)
rElec   .            (no cloak)
rCorr   .            i - +0 pair of gloves
SInv    .            (no boots)
Will    .....        (no amulet)
Stlth   ++           (no ring)
HPRegen 0.23/turn    (no ring)
MPRegen 0.12/turn

%: no passive effects
@: no status effects
A: no striking features
a: no special abilities


You were on level 3 of the Dungeon.
You visited 1 branch of the dungeon, and saw 3 of its levels.

You collected 47 gold pieces.

Inventory:

Hand Weapons
 d - a +0 dagger (weapon)
Armour
 a - a +0 robe (worn)
 i - a +0 pair of gloves (worn)
Jewellery
 h - a ring of ice
 q - a ring of positive energy
Scrolls
 c - 3 scrolls of enchant armour {unknown}
 e - a scroll of amnesia {unknown}
 g - 2 scrolls of fog {unknown}
 j - a scroll of noise {unknown}
 k - a scroll of teleportation {unknown}
 l - a scroll of immolation {unknown}
 m - a scroll of fear {unknown}
 n - a scroll of enchant weapon {unknown}
 p - 3 scrolls of identify {unknown}
Potions
 b - a potion of magic
 f - 2 potions of curing {unknown}
 o - 2 potions of heal wounds {unknown}


   Skills:
 - Level 1.3 Fighting
 - Level 2.4 Dodging
 - Level 2.4 Stealth
 + Level 4.0 Spellcasting
 * Level 0.0 Conjurations
 - Level 1.1 Transmutations
 + Level 4.0 Earth Magic


You had 6 spell levels left.
You knew the following spells:

 Your Spells              Type           Power      Damage    Failure   Level
a - Sandblast             Erth           42%        2d11      2%          1
b - Stone Arrow           Conj/Erth      24%        3d8       16%         3

Your spell library contained the following spells:

 Spells                   Type           Power      Damage    Failure   Level
 Passwall                 Tmut/Erth      11%        N/A       6%          2
 Sting                    Tmut/Pois      24%        1d4       10%         1
 Petrify                  Tmut/Erth      14%        N/A       38%         4


Dungeon Overview and Level Annotations

Branches:
Dungeon (3/15)

Altars:

Annotations:
D:2 1 runed translucent door, Crazy Yiuf
D:3 Grinder


Message History

This spell is extremely dangerous to cast!
Memorise Stone Arrow, consuming 3 spell levels and leaving 6?
You start memorising the spell.
You continue memorising. x3
You finish memorising.
Spell assigned to 'b'.
Grinder is nearby!
Casting: Sandblast (safe; 2% risk of failure)
Confirm with . or Enter, or press ? or * to list all spells.
Aiming: Sandblast (safe; 2% risk of failure)
Press: ? - help, Shift-Dir - straight line, f - Grinder
Aim: Grinder (81% to hit)
The blast of sand hits Grinder!
Grinder is moderately wounded.
Grinder blinks!
Unknown command.
You start resting.
Grinder is nearby!
Casting: Sandblast (safe; 2% risk of failure)
Confirm with . or Enter, or press ? or * to list all spells.
Aiming: Sandblast (safe; 2% risk of failure)
Press: ? - help, Shift-Dir - straight line, f/p - Grinder
Aim: Grinder (moderately wounded, 81% to hit)
The blast of sand hits Grinder but does no damage.
Grinder is moderately wounded.
Casting: Sandblast (safe; 2% risk of failure)
Confirm with . or Enter, or press ? or * to list all spells.
Aiming: Sandblast (safe; 2% risk of failure)
Press: ? - help, Shift-Dir - straight line, f/p - Grinder
Aim: Grinder (moderately wounded, 81% to hit)
The blast of sand hits Grinder!
Grinder is severely wounded.
Grinder hits you.
You writhe in agony.
Casting: Sandblast (safe; 2% risk of failure)
Confirm with . or Enter, or press ? or * to list all spells.
Aiming: Sandblast (safe; 2% risk of failure)
Press: ? - help, Shift-Dir - straight line, f/p - Grinder
Aim: Grinder (heavily wounded, 81% to hit)
The blast of sand hits Grinder.
Grinder is severely wounded.
Grinder hits you!
You die...

.###.......#.#..##.###
.......)..............
...........#.#..##....
...........#.#..##..#.
...........#.#..##..#
..................
...........#.#..##
.#+#.......#.#..# .
###..##@.....##..
#..##.5........
....####.#..##..#
###..# #.#..##..# #...
##........#
....##.....##.#
...............#
.....#.....##.##
...#.#.........


You could see Grinder.

Vanquished Creatures
  An adder (D:2)
  4 endoplasms
  5 hobgoblins
  3 jackals (D:1)
  4 quokkas
  3 ball pythons
  6 bats
  4 frilled lizards
  5 kobolds
  6 rats
41 creatures vanquished.

Notes
Turn   | Place    | Note
-------+----------+-------------------------------------------
     0 | D:1      | Ijustatesigmund the Deep Elf Earth Elementalist began the
                  | quest for the Orb.
     0 | D:1      | Reached XP level 1. HP: 10/10 MP: 6/6
   198 | D:1      | Reached XP level 2. HP: 16/16 MP: 5/8
   578 | D:1      | Reached skill level 1 in Fighting
   835 | D:2      | Reached XP level 3. HP: 20/20 MP: 8/10
  1017 | D:2      | Found a faded altar of an unknown god.
  1034 | D:2      | Got Plato's Anthology of Configuration
  1292 | D:2      | Found a runed translucent door.
  1293 | D:2      | Noticed Crazy Yiuf
  1677 | D:3      | Noticed Grinder
  1691 | D:3      | Learned a level 3 spell: Stone Arrow
  1698 | D:3      | Slain by Grinder

Illustrated notes

Levels and vault maps discovered:
D:1:      scummos_arrival_simple_crosswalls, layout_basic
D:2:      layout_loops_ring, shapermc_ecumenical_altar_rom_forum,
          uniq_crazy_yiuf_cottage
D:3:      layout_basic, nicolae_titane, uniq_grinder

Skill      XL: |  1  2  3 |
---------------+----------+-----
Fighting       | 1 |  1.3
Spellcasting   | 4 |  4.0
Earth Magic    | 4 |  4.0
Dodging        | |  2.4
Stealth        | |  2.4
Transmutations | |  1.1

Action                     || total
---------------------------++-------
   Cast: Sandblast         ||    51
 Armour: Robe              ||     3
  Dodge: Dodged            ||     3
